 Dungeon Crawl Stone Soup version 0.22-a0-458-gb446440d2e (webtiles) character file.

133 Naru the Charmwright (level 5, -1/43 HPs)
             Began as a Gnoll Skald on June 8, 2018.
             Slain by Sigmund
             ... wielding a +0 scythe of protection
              (9 damage)
             ... on level 3 of the Dungeon.
             The game lasted 00:10:04 (3084 turns).

Naru the Charmwright (Gnoll Skald)                  Turns: 3084, Time: 00:10:05

Health: -1/43      AC:  5    Str: 15    XL:     5   Next: 16%
Magic:  12/12      EV: 13    Int: 15    God:
Gold:   67         SH:  0    Dex: 14    Spells: 13/14 levels left

rFire    . . .     SeeInvis .   a - +0 spear
rCold    . . .     Gourm    .   (no shield)
rNeg     . . .     Faith    .   e - +0 ring mail (curse)
rPois    .         Spirit   .   p - +0 hat
rElec    .         Reflect  .   (no cloak)
rCorr    .         Harm     .   (no gloves)
MR       .....                  (no boots)
Stlth    ++........             j - amulet of magic regeneration
HPRegen  0.14/turn              m - ring of stealth
MPRegen  0.38/turn              (no ring)

@: no status effects
A: distributed training, fangs 1, strong nose
a: no special abilities


You were on level 3 of the Dungeon.
You were not hungry.

You visited 1 branch of the dungeon, and saw 3 of its levels.

You collected 67 gold pieces.

Inventory:

Hand Weapons
 a - a +0 spear (weapon)
Missiles
 q - 4 tomahawks (quivered)
Armour
 b - a +0 leather armour
 e - a cursed +0 ring mail (worn)
 g - a +0 chain mail
 p - a +0 hat (worn)
 s - a +0 helmet
Jewellery
 j - an amulet of magic regeneration (around neck)
 m - a ring of stealth (left hand)
Wands
 f - a wand of polymorph (2)
Scrolls
 o - 2 scrolls of teleportation
Potions
 c - a potion of heal wounds {unknown}
 d - a potion of mutation {unknown}
 h - a potion of lignification {unknown}
 i - a potion of flight {unknown}
 k - 2 potions of curing {unknown}
 l - 3 potions of haste {unknown}
 r - a potion of magic {unknown}
Comestibles
 n - 2 rations


   Skills:
 + Level 4.7 Fighting
 + Level 1.3 Short Blades
 + Level 1.3 Long Blades
 + Level 1.3 Axes
 + Level 1.3 Maces & Flails
 + Level 4.7 Polearms
 + Level 1.3 Staves
 + Level 1.3 Slings
 + Level 1.3 Bows
 + Level 1.3 Crossbows
 + Level 1.3 Throwing
 + Level 2.9 Armour
 + Level 4.7 Dodging
 + Level 1.3 Stealth
 + Level 1.3 Shields
 + Level 1.3 Unarmed Combat
 + Level 5.1 Spellcasting
 + Level 1.1 Conjurations
 + Level 1.1 Hexes
 + Level 5.5 Charms
 + Level 1.1 Summonings
 + Level 1.1 Necromancy
 + Level 1.1 Translocations
 + Level 1.1 Transmutations
 + Level 1.1 Fire Magic
 + Level 1.1 Ice Magic
 + Level 1.1 Air Magic
 + Level 1.1 Earth Magic
 + Level 1.1 Poison Magic
 + Level 1.5 Invocations
 + Level 1.3 Evocations


You had 13 spell levels left.
You knew the following spells:

 Your Spells              Type           Power        Failure   Level  Hunger
a - Infusion              Chrm           ###.         3%          1    None

Your spell library contained the following spells:

 Spells                   Type           Power        Failure   Level  Hunger
 Regeneration             Chrm/Necr      ##........   24%         3    ###....
 Shroud of Golubria       Chrm/Tloc      ##........   12%         2    ##.....
 Song of Slaying          Chrm           ###.....     4%          2    ##.....
 Spectral Weapon          Hex/Chrm       ##......     24%         3    ###....


Dungeon Overview and Level Annotations

Branches:
Dungeon (3/15)

Altars:
Ashenzari
Hepliaklqana

Annotations:
D:3 Sigmund


Innate Abilities, Weirdness & Mutations

Your experience applies equally to all skills.
You have very sharp teeth.
Your uncanny sense of smell can sniff out nearby items.


Message History

Sigmund is moderately wounded.
Sigmund barely misses you.
You hit Sigmund but do no damage.
Sigmund is moderately wounded.
You hit Sigmund but do no damage.
Sigmund is moderately wounded.
Sigmund gestures at you while chanting. The puff of flame misses you.
You hit Sigmund.
Sigmund is heavily wounded.
Sigmund barely misses you.
You hit Sigmund.
Sigmund is heavily wounded.
Sigmund barely misses you.
You hit Sigmund but do no damage.
Sigmund is heavily wounded.
You hit Sigmund.
Sigmund is heavily wounded.
Sigmund hits you with a scythe of protection!
You die...

..#! #...# . ...
#>..# .##.. #...#
.... .... #..##..
...#.# ####
#####.#.####.. ∆
###....@@..÷.#.#
∆
..........###.#.#
..........# #...#
......##### ###.#
......
#######.#########
......
#.....#..........
.....
#.###.#.#####.###
...%.
#.#...#.#...#)#.#
#.#####.###.#.#.#


You could see Sigmund.

Vanquished Creatures
  Robin (D:3)
  4 gnolls
  2 adders (D:3)
  A dart slug (D:2)
  2 leopard geckos
  An orc (D:3)
  5 bats
  2 giant cockroaches
  14 goblins
  8 hobgoblins
  4 jackals
  A quokka (D:3)
  2 ball pythons
  4 frilled lizards
  9 rats
60 creatures vanquished.

Notes
Turn   | Place    | Note
-------+----------+-------------------------------------------
     0 | D:1      | Naru the Gnoll Skald began the quest for the Orb.
     0 | D:1      | Reached XP level 1. HP: 20/20 MP: 6/6
   139 | D:1      | Reached XP level 2. HP: 15/26 MP: 7/7
   654 | D:1      | Reached XP level 3. HP: 29/31 MP: 9/9
   749 | D:1      | Reached skill level 5 in Spellcasting
  1153 | D:1      | Reached skill level 1 in Invocations
  1369 | D:1      | Reached skill level 1 in Short Blades
  1369 | D:1      | Reached skill level 1 in Long Blades
  1369 | D:1      | Reached skill level 1 in Axes
  1369 | D:1      | Reached skill level 1 in Maces & Flails
  1369 | D:1      | Reached skill level 1 in Staves
  1369 | D:1      | Reached skill level 1 in Slings
  1369 | D:1      | Reached skill level 1 in Bows
  1369 | D:1      | Reached skill level 1 in Crossbows
  1369 | D:1      | Reached skill level 1 in Throwing
  1369 | D:1      | Reached skill level 1 in Stealth
  1369 | D:1      | Reached skill level 1 in Shields
  1369 | D:1      | Reached skill level 1 in Unarmed Combat
  1369 | D:1      | Reached skill level 1 in Evocations
  1392 | D:2      | Reached XP level 4. HP: 20/38 MP: 2/11
  1912 | D:2      | Found a shattered altar of Ashenzari.
  1944 | D:2      | Found a hazy altar of Hepliaklqana.
  2425 | D:3      | Noticed Robin
  2446 | D:3      | Reached skill level 1 in Conjurations
  2446 | D:3      | Reached skill level 1 in Hexes
  2446 | D:3      | Reached skill level 1 in Summonings
  2446 | D:3      | Reached skill level 1 in Necromancy
  2446 | D:3      | Reached skill level 1 in Translocations
  2446 | D:3      | Reached skill level 1 in Transmutations
  2446 | D:3      | Reached skill level 1 in Fire Magic
  2446 | D:3      | Reached skill level 1 in Ice Magic
  2446 | D:3      | Reached skill level 1 in Air Magic
  2446 | D:3      | Reached skill level 1 in Earth Magic
  2446 | D:3      | Reached skill level 1 in Poison Magic
  2471 | D:3      | Killed Robin
  2786 | D:3      | Reached XP level 5. HP: 39/43 MP: 12/12
  3052 | D:3      | Noticed Sigmund
  3084 | D:3      | Slain by Sigmund

Vault maps used:
D:1:      eino_arrival_tree_alley
D:2:      grunt_temple_overflow_open, first_ration
D:3:      mumra_celtic_spiral_tile, uniq_robin, uniq_sigmund,
          uniq_crazy_yiuf_cottage

Skill      XL: |  1  2  3  4 |
---------------+-------------+-----
Spellcasting   | 5 |  5.1
Invocations    | 1 |  1.5
Short Blades   | 1 |  1.3
Long Blades    | 1 |  1.3
Axes           | 1 |  1.3
Maces & Flails | 1 |  1.3
Staves         | 1 |  1.3
Slings         | 1 |  1.3
Bows           | 1 |  1.3
Crossbows      | 1 |  1.3
Throwing       | 1 |  1.3
Stealth        | 1 |  1.3
Shields        | 1 |  1.3
Unarmed Combat | 1 |  1.3
Evocations     | 1 |  1.3
Conjurations   | 1 |  1.1
Hexes          | 1 |  1.1
Summonings     | 1 |  1.1
Necromancy     | 1 |  1.1
Translocations | 1 |  1.1
Transmutations | 1 |  1.1
Fire Magic     | 1 |  1.1
Ice Magic      | 1 |  1.1
Air Magic      | 1 |  1.1
Earth Magic    | 1 |  1.1
Poison Magic   | 1 |  1.1
Fighting       | |  4.7
Polearms       | |  4.7
Armour         | |  2.9
Dodging        | |  4.7
Charms         | |  5.5

Action                   |  1- 3 |  4- 6 || total
-------------------------+-------+-------++-------
Melee: Spear             |   115 |   113 ||   228
       Bite              |    11 |    16 ||    27
       Unarmed           |       |    17 ||    17
 Cast: Infusion          |     8 |     4 ||    12
  Use: Scroll            |     2 |     1 ||     3
 Stab: Sleeping          |     1 |     1 ||     2
  Eat: Ration            |     1 |     1 ||     2
Armor: Leather armour    |    27 |     4 ||    31
       Ring mail         |       |    17 ||    17
       Skin              |       |     4 ||     4
Dodge: Dodged            |    97 |   111 ||   208

Table legend:
 A = Spawn XP
 B = Non-spawn XP
 C = Spawn XP percentage of total XP
 D = Spawn monster count
 E = Non-spawn monster count
 F = Spawn count percentage of total count
 G = Total turns spent on level
                    A         B        C        D         E        F      G
               +---------+---------+-------+---------+---------+-------+---------
         Total |       0 |     191 |   0.0 |       0 |      60 |   0.0 |  3084
               +---------+---------+-------+---------+---------+-------+---------
           D:1 |       0 |      76 |   0.0 |       0 |      31 |   0.0 |  1376
           D:2 |       0 |      44 |   0.0 |       0 |      11 |   0.0 |   953
           D:3 |       0 |      71 |   0.0 |       0 |      18 |   0.0 |   755
               +---------+---------+-------+---------+---------+-------+---------
